 Dungeon Crawl Stone Soup version 0.30-a0-1114-gd936c97349 (webtiles) character file.

Game seed: 473700822065476653

4559 IdlyInterested the Grappler (level 10, 0/70 (76) HPs)
             Began as a Demonspawn Reaver on Apr 20, 2023.
             Slain by a centaur warrior (6 damage)
             ... on level 8 of the Dungeon.
             The game lasted 00:26:23 (8430 turns).

IdlyInterested the Grappler (Demonspawn Reaver)     Turns: 8430, Time: 00:26:24

HP:   0/70 (76)     AC: 10    Str: 14    XL:     10   Next: 18%
MP:   17/17         EV: 11    Int: 18    God:
Gold: 292           SH:  5    Dex: 11    Spells: 18/19 levels left

rFire   + . .      SeeInvis .    O - +6 shillelagh "Devastator" {shatter}
rCold   . . .      Faith    .    (no shield)
rNeg    . . .      Spirit   .    w - +2 leather armour {rF+}
rPois   .          Reflect  +    (no helmet)
rElec   .          Rampage  .    M - +1 cloak
rCorr   .                        (no gloves)
Will    .....                    y - +1 pair of boots
Stlth   +                        t - amulet of reflection
HPRegen 0.31/turn                k - ring of wizardry
MPRegen 0.15/turn                I - +4 ring of slaying

@: drained, unable to read
A: claws 1, spiny 2, sharp scales 1, screaming 1, inability to read after injury
1
a: no special abilities


You were on level 8 of the Dungeon.
You visited 2 branches of the dungeon, and saw 9 of its levels.
You also visited: Ossuary.

You collected 292 gold pieces.

Inventory:

Hand Weapons
 a - a +0 short sword
 e - a +0 quarterstaff
 i - a +0 rapier
 N - a +3 quarterstaff of chaos
 O - the +6 shillelagh "Devastator" (weapon) {shatter}
   (You found it on level 7 of the Dungeon)
Missiles
 c - 41 stones
 g - 3 silver boomerangs
Armour
 w - a +2 leather armour of fire resistance (worn)
 x - a +2 buckler
 y - a +1 pair of boots (worn)
 G - +0 steam dragon scales
 M - a +1 cloak (worn)
Jewellery
 k - a ring of wizardry (left claw)
 t - an amulet of reflection (around neck)
 I - a +4 ring of slaying (right claw)
Wands
 A - a wand of charming (9)
 J - a wand of polymorph (5)
Scrolls
 h - 7 scrolls of identify {unknown}
 j - 6 scrolls of teleportation {unknown}
 l - a scroll of fog {unknown}
 m - 2 scrolls of torment {unknown}
 n - a scroll of amnesia {unknown}
 p - 2 scrolls of immolation {unknown}
 q - a scroll of poison {unknown}
 u - a scroll of acquirement {unknown}
 C - a scroll of blinking {unknown}
 D - a scroll of vulnerability {unknown}
 E - a scroll of enchant weapon {unknown}
 F - a scroll of fear {unknown}
 H - a scroll of noise {unknown}
Potions
 b - 3 potions of resistance {unknown}
 d - 3 potions of attraction {unknown}
 f - 2 potions of flight {unknown}
 o - 4 potions of lignification {unknown}
 r - 4 potions of haste {unknown}
 s - 2 potions of curing
 v - 5 potions of heal wounds {unknown}
 z - 2 potions of brilliance {unknown}
 B - 3 potions of might {unknown}
 K - a potion of berserk rage
 L - a potion of magic {unknown}


   Skills:
 + Level 5.9 Fighting
 - Level 2.6 Short Blades
 - Level 1.0 Throwing
 - Level 2.0 Armour
 - Level 2.0 Dodging
 - Level 1.0 Stealth
 - Level 1.0 Shields
 * Level 9.7 Unarmed Combat
 - Level 5.0 Spellcasting
 - Level 4.0 Conjurations
 - Level 4.0 Necromancy
 - Level 4.0 Evocations


You had 18 spell levels left.
You knew the following spells:

 Your Spells              Type           Power      Damage    Failure   Level
a - Kiss of Death         Conj/Necr      72%        2d10      1%          1

Your spell library contained the following spells:

 Spells                   Type           Power      Damage    Failure   Level
 Sublimation of Blood     Necr           18%        N/A       1%          2
 Momentum Strike          Conj/Tloc      22%        3d8       4%          2
 Sandblast                Erth           8%         2d5       6%          1
 Hailstorm                Conj/Ice       11%        3d5       9%          3
 Poisonous Vapours        Pois/Air       8%         N/A       10%         2
 Wereblood                Tmut           4%         N/A       10%         2
 Mephitic Cloud           Conj/Pois/Air  9%         N/A       12%         3
 Call Canine Familiar     Summ           4%         N/A       19%         3
 Gell's Gravitas          Tloc           4%         N/A       19%         3
 Teleport Other           Tloc           4%         N/A       19%         3
 Freezing Cloud           Conj/Ice/Air   4%         6-21      69%         5
 Dispersal                Tloc           2%         N/A       100%        6
 Summon Hydra             Summ           2%         N/A       100%        7
 Lehudib's Crystal Spear  Conj/Erth      5%         10d3      100%        8


Dungeon Overview and Level Annotations

Branches:
Dungeon (8/15)             Temple (1/1) D:4         Ossuary (visited)
   Lair: D:8-11

Altars:
Ashenzari
Cheibriados
Dithmenos
Fedhas
Gozag
Kikubaaqudgha
Makhleb
Nemelex Xobeh
Okawaru
Qazlal
Ru
Sif Muna
Trog
Uskayaw
Vehumet
Wu Jian
Xom
Yredelemnul


Innate Abilities, Weirdness & Mutations

You have sharp fingernails.
You are mostly covered in sharp spines.
You are partially covered in razor-sharp scales. (AC +1, Slay +1)
You occasionally shout uncontrollably at your foes.
You occasionally lose the ability to read scrolls when taking damage.


Message History

The centaur warrior shoots an arrow.
The arrow closely misses you.
A killer bee comes into view.
The centaur warrior shoots an arrow.
The arrow hits you!!
A jumping spider comes into view.
You yell at the jumping spider!
The killer bee buzzes angrily.
The jumping spider's many legs skitter faintly.
You hear a shout!
You hear an angry buzzing noise.
You hear a shout!
You hear an angry buzzing noise.
Found 3 stones.
The centaur warrior unwields a +0 longbow.
The centaur warrior hits you!
You feel threatened and lose the ability to read scrolls!
* * * LOW HITPOINT WARNING * * *
You block the centaur warrior's attack.
You hit the centaur warrior.
The centaur warrior and the killer bee shudder.
The centaur warrior is moderately wounded.
The killer bee is moderately wounded.
The centaur warrior is moderately wounded.
The centaur warrior hits you but does no damage.
The centaur warrior kicks you but does no damage.
The killer bee is struck by your spines.
The killer bee stings you but does no damage.
The centaur warrior is struck by your spines.
The centaur warrior hits you!
* * * LOW HITPOINT WARNING * * *
You block the centaur warrior's attack.
You sock the centaur warrior!
The centaur warrior and the killer bees shudder.
The centaur warrior is almost dead.
The killer bee is lightly wounded.
The killer bee is almost dead.
The centaur warrior is almost dead.
The killer bee is struck by your spines.
You kill the killer bee!
The centaur warrior barely misses you.
The centaur warrior kicks you but does no damage.
The killer bee stings you but does no damage.
The centaur warrior hits you.
You die...

##.## #.# #.#
#### #.# .....
... #....######
#........)#
#.........#
#.....s@..#
#...$.cy..#
#.........#
............
............(
..............#
..............#
#....######...#


You could see a centaur warrior, a jumping spider and a killer bee.

Vanquished Creatures
  Pikel (D:7)
  Joseph (D:7)
  A troll (D:7)
  3 yaks (D:7)
  A wyvern (D:7)
  A steam dragon (D:6)
  Edmund (D:6)
  A warg (D:7)
  2 water moccasins
  An ice beast (D:7)
  A sky beast (D:7)
  A black bear (D:7)
  3 ogres (D:5)
  4 centaurs
  2 phantoms (D:5)
  An elf zombie (Ossuary)
  3 bullfrogs
  3 scorpions
  5 killer bees
  A howler monkey (D:6)
  A centaur zombie (Ossuary)
  3 jellies
  3 hounds
  Crazy Yiuf (D:7)
  A human zombie (Ossuary)
  An orc priest (D:4)
  2 iguanas
  3 orc wizards
  2 mummies (Ossuary)
  3 gnolls (D:5)
  11 adders
  2 shadow imps (D:7)
  An ufetubus (D:5)
  An adder zombie (Ossuary)
  A worm (D:4)
  A dart slug (D:2)
  10 orcs
  3 ball pythons
  3 endoplasms
  4 giant cockroaches
  9 goblins
  7 hobgoblins
  8 jackals
  6 quokkas
  5 bats
  2 goblin zombies (Ossuary)
  8 hobgoblin zombies (Ossuary)
  2 jackal zombies (Ossuary)
  5 kobolds
  11 kobold zombies (Ossuary)
  8 orc zombies (Ossuary)
  9 rats
  2 rat zombies (Ossuary)
  3 bushes (D:6)
179 creatures vanquished.

Vanquished Creatures (others)
  2 yaks (D:7)
  An orc wizard (D:4)
  A plant (D:6)
4 creatures vanquished.

Grand Total: 183 creatures vanquished

Notes
Turn   | Place    | Note
-------+----------+-------------------------------------------
     0 | D:1      | IdlyInterested the Demonspawn Reaver began the quest for
                  | the Orb.
     0 | D:1      | Reached XP level 1. HP: 16/16 MP: 3/3
   226 | D:1      | Gained mutation: You are partially covered in razor-sharp
                  | scales. (AC +1, Slay +1) [demonic ancestry]
   226 | D:1      | Reached XP level 2. HP: 18/22 MP: 5/5
   284 | D:1      | Reached skill level 1 in Armour
   727 | D:2      | Found a bloodstained altar of Trog.
   761 | D:2      | Reached skill level 1 in Throwing
   853 | D:2      | Gained mutation: You have sharp fingernails. [demonic
                  | ancestry]
   853 | D:2      | Reached XP level 3. HP: 28/28 MP: 6/6
   933 | D:2      | Reached skill level 1 in Stealth
  1078 | D:2      | Reached skill level 1 in Unarmed Combat
  1347 | D:3      | Found a faded altar of an unknown god.
  1467 | D:3      | Gained mutation: You are partially covered in sharp spines.
                  | [demonic ancestry]
  1467 | D:3      | Reached XP level 4. HP: 33/34 MP: 7/7
  1559 | D:3      | Reached skill level 1 in Necromancy
  1586 | D:3      | Reached skill level 2 in Unarmed Combat
  2275 | D:3      | Found a faded altar of an unknown god.
  2283 | D:3      | Found a bloodstained altar of Trog.
  2714 | D:4      | Reached XP level 5. HP: 32/41 MP: 8/8
  2796 | D:4      | HP: 1/41 [orc priest/divine providence (11)]
  2798 | D:4      | Gained mutation: You occasionally shout uncontrollably at
                  | your foes. [potion of mutation]
  2798 | D:4      | Gained mutation: You occasionally lose the ability to drink
                  | potions when taking damage. [potion of mutation]
  2798 | D:4      | Gained mutation: You frequently scream uncontrollably at
                  | your foes. [potion of mutation]
  2798 | D:4      | Gained mutation: You are strong-willed. (Will+) [potion of
                  | mutation]
  2805 | D:4      | Reached skill level 3 in Unarmed Combat
  2813 | D:4      | Found a sand-covered staircase.
  2856 | Ossuary  | Entered an ossuary
  2993 | Ossuary  | Reached XP level 6. HP: 43/47 MP: 10/10
  3115 | Ossuary  | Reached skill level 1 in Evocations
  3407 | D:4      | Found a sacrificial altar of Ru.
  3417 | D:4      | Reached skill level 4 in Unarmed Combat
  3602 | D:4      | Found a shimmering altar of Xom.
  3908 | D:4      | Found a staircase to the Ecumenical Temple.
  3917 | Temple   | Entered the Ecumenical Temple
  4526 | D:5      | Entered Level 5 of the Dungeon
  4535 | D:5      | Reached XP level 7. HP: 21/49 MP: 11/11
  4900 | D:5      | Reached skill level 5 in Unarmed Combat
  4909 | D:5      | Lost mutation: You occasionally lose the ability to drink
                  | potions when taking damage. [potion of mutation]
  4909 | D:5      | Lost mutation: You are strong-willed. (Will+) [potion of
                  | mutation]
  4909 | D:5      | Lost mutation: You frequently scream uncontrollably at your
                  | foes. [potion of mutation]
  4909 | D:5      | Gained mutation: You occasionally lose the ability to read
                  | scrolls when taking damage. [potion of mutation]
  5418 | D:5      | Gained mutation: You are mostly covered in sharp spines.
                  | [demonic ancestry]
  5418 | D:5      | Reached XP level 8. HP: 35/55 MP: 11/13
  5528 | D:5      | Found an iron altar of Okawaru.
  5530 | D:5      | Found a hide-covered altar of Uskayaw.
  5748 | D:6      | Reached skill level 6 in Unarmed Combat
  6050 | D:5      | Found an ornate altar of the Wu Jian Council.
  6050 | D:5      | Found a broken altar of Ashenzari.
  6053 | D:5      | Found a shimmering blue altar of Sif Muna.
  6078 | D:6      | Got Sif Muna's Grimoire of the Stony Union
  6232 | D:6      | Found a blossoming altar of Fedhas.
  6302 | D:6      | Noticed Edmund
  6310 | D:6      | Killed Edmund
  6311 | D:6      | Reached skill level 7 in Unarmed Combat
  6916 | D:7      | Noticed Joseph
  6933 | D:7      | Killed Joseph
  6934 | D:7      | Reached skill level 5 in Fighting
  6934 | D:7      | Reached XP level 9. HP: 23/68 MP: 15/15
  7186 | D:7      | Noticed Pikel
  7188 | D:7      | Reached skill level 8 in Unarmed Combat
  7230 | D:7      | Killed Pikel
  7386 | D:7      | Noticed a troll
  7399 | D:7      | Reached skill level 5 in Spellcasting
  7414 | D:7      | Killed a troll
  7415 | D:7      | Reached skill level 9 in Unarmed Combat
  7671 | D:7      | Found a basalt altar of Yredelemnul.
  7698 | D:7      | Noticed Maggie
  7701 | D:7      | Maggie changed into Maggie the warg
  7701 | D:7      | Noticed Maggie
  7704 | D:7      | Killed Maggie the warg
  7742 | D:7      | Reached XP level 10. HP: 50/66 MP: 15/17
  7743 | D:7      | Reached skill level 1 in Shields
  7905 | D:7      | Found an ancient bone altar of Kikubaaqudgha.
  8216 | D:7      | Found a runed translucent door.
  8216 | D:7      | Found the +6 shillelagh "Devastator" {shatter}
  8217 | D:7      | Noticed Crazy Yiuf
  8222 | D:7      | Killed Crazy Yiuf
  8356 | D:8      | Found an opulent altar of Gozag.
  8425 | D:8      | Noticed a centaur warrior
  8430 | D:8      | Slain by a centaur warrior

Illustrated notes

Levels and vault maps discovered:
D:1:      dpeg_arrival_short_road, layout_rooms
D:2:      layout_loops_ring, basic_altar
D:3:      layout_basic, nicolae_overflow_ecumenical_swirl,
          nicolae_ecumenical_pavilion
D:4:      layout_loops_ring, mainiacjoe_overflow_boulevard,
          mainiacjoe_overflow_24_doors, temple_fountains,
          chequers_ossuary_entry_cave
D:5:      layout_loops_cross, nicolae_overflow_hidden_temple
D:6:      layout_layer_cave, fedhas_ov_isle_minmay, uniq_edmund
D:7:      nicolae_cairo_tiling_large, layout_rooms,
          mainiacjoe_overflow_alcove_2, mainiacjoe_overflow_paths,
          moated_statue, uniq_maggie, uniq_crazy_yiuf_cottage, uniq_joseph,
          uniq_pikel
D:8:      minmay_cut_squares, layout_rooms, mainiacjoe_overflow_brackets,
          corexii_corridor_pit, lightli_orcish_oven
Temple:   nicolae_temple_two_arcs

Skill      XL: |  1  2  3  4  5  6  7  8  9 10 |
---------------+-------------------------------+-----
Dodging        | 2 |  2.0
Armour         | 1 2 |  2.0
Throwing       | 1 |  1.0
Stealth        | 1 |  1.0
Unarmed Combat | 1 2 3 4 5 7 9 |  9.7
Fighting       | 3 4 5 |  5.9
Necromancy     | 1 2 3 4 |  4.0
Spellcasting   | 3 4 5 |  5.0
Evocations     | 2 3 4 |  4.0
Conjurations   | 4 |  4.0
Shields        | 1 |  1.0
Short Blades   | |  2.6

Action                     |  1- 3 |  4- 6 |  7- 9 | 10-12 || total
---------------------------+-------+-------+-------+-------++-------
  Melee: Short sword       |    85 |       |       |       ||    85
         Punch             |     1 |       |       |       ||     1
         Rapier            |    21 |       |       |       ||    21
         Unarmed           |    74 |   255 |   355 |    21 ||   705
         Shillelagh        |       |       |       |     4 ||     4
  Throw: Stone             |     3 |     1 |     8 |       ||    12
         Boomerang         |       |       |     1 |       ||     1
   Cast: Kiss of Death     |     1 |     1 |     5 |     1 ||     8
  Evoke: Wand              |       |       |     9 |       ||     9
    Use: Potion            |       |     3 |     1 |       ||     4
   Stab: Sleeping          |       |       |     1 |       ||     1
 Armour: Ring mail         |    78 |     2 |       |       ||    80
         Leather armour    |     9 |    81 |    48 |    12 ||   150
         Skin              |       |       |     3 |       ||     3
  Dodge: Dodged            |    90 |   101 |    62 |    12 ||   265
  Block: Other             |     8 |     1 |       |     2 ||    11
         Buckler           |       |   139 |    88 |     7 ||   234
         Reflection        |       |       |     4 |     1 ||     5

Table legend: (Time is in decaauts)
 A = Elapsed time spent in this place.
 B = Non-inter-level travel time spent in this place.
 C = Inter-level travel time spent in this place.
 D = Time resting spent in this place.
 E = Time spent auto-exploring this place.
 F = Levels seen in this place.
 G = Mean time per level.
                   A        B        C        D        E       F      G
               +--------+--------+--------+--------+--------+-----+--------+
         Total |   8401 |   7257 |   1144 |   1314 |   3964 |  10 |  840.1 |
       Dungeon |   7874 |   6730 |   1144 |   1170 |   3749 |   8 |  984.2 |
        Temple |    116 |    116 |      0 |      0 |    106 |   1 |  116.0 |
       Ossuary |    410 |    410 |      0 |    144 |    109 |   1 |  410.0 |
               +--------+--------+--------+--------+--------+-----+--------+

Top non-repeatable levels by time:
     D:3: 1400 daAuts
     D:6: 1368 daAuts
     D:4: 1329 daAuts
     D:7: 1262 daAuts
     D:5: 1056 daAuts
     D:2: 792 daAuts
     D:1: 640 daAuts
 Ossuary: 410 daAuts
  Temple: 116 daAuts
     D:8: 26 daAuts
